 Dungeon Crawl Stone Soup version 0.22-a0-482-g76e0a5f (webtiles) character file.

203 Gildeon the Insei (level 5, 0/35 HPs)
             Began as an Octopode Transmuter on June 17, 2018.
             Slain by an orc wizard
             ... wielding a cursed -1 dagger
              (3 damage)
             ... on level 3 of the Dungeon.
             The game lasted 00:25:20 (4829 turns).

Gildeon the Insei (Octopode Transmuter)             Turns: 4829, Time: 00:25:21

Health: 0/35       AC:  1    Str: 10    XL:     5   Next: 81%
Magic:  9/9        EV: 14    Int: 16    God:
Gold:   184        SH:  0    Dex: 12    Spells: 3/9 levels left

rFire    . . .     SeeInvis .     - Unarmed
rCold    . . .     Gourm    .   (no shield)
rNeg     . . .     Faith    +   (helmet restricted)
rPois    .         Spirit   .   f - amulet of faith
rElec    .         Reflect  .   (no ring)
rCorr    .         Harm     .   (no ring)
MR       .....                  (no ring)
Stlth    +++.......             (no ring)
HPRegen  0.11/turn              (no ring)
MPRegen  0.11/turn              (no ring)
                                (no ring)
                                (no ring)

@: flying
A: almost no armour, stealthy swim, amphibious, 8 rings, constrict 8, camouflage
1, gelatinous body 1
a: no special abilities


You were on level 3 of the Dungeon.
You were not hungry.

You visited 1 branch of the dungeon, and saw 3 of its levels.

You collected 184 gold pieces.

Inventory:

Hand Weapons
 d - a +2 long sword of slicing
Missiles
 a - 30 arrows
 b - a throwing net (quivered)
Jewellery
 f - an amulet of faith (around mantle)
Potions
 h - a potion of brilliance {unknown}
Comestibles
 c - 7 rations
 g - 8 chunks of flesh


   Skills:
 + Level 2.3 Fighting
 + Level 3.0 Dodging
 + Level 2.8 Stealth
 + Level 3.7 Unarmed Combat
 + Level 2.7 Spellcasting
 + Level 2.8 Transmutations


You had 3 spell levels left.
You knew the following spells:

 Your Spells              Type           Power        Failure   Level  Hunger
a - Beastly Appendage     Tmut           ##....       6%          1    #......
b - Sticks to Snakes      Tmut           ##......     9%          2    ##.....
c - Spider Form           Tmut/Pois      #.........   32%         3    ###....

Your spell library contained the following spells:

 Spells                   Type           Power        Failure   Level  Hunger
 Blade Hands              Tmut           ##........   86%         5    ######.
 Ice Form                 Ice/Tmut       #.......     71%         4    #####..


Dungeon Overview and Level Annotations

Branches:
Dungeon (3/15)

Altars:
Ru

Annotations:
D:2 exclusion: 2 gnolls, Sigmund


Innate Abilities, Weirdness & Mutations

You cannot wear most types of armour.
You are very stealthy in the water. (Stealth+)
You are amphibious.
You can wear up to eight rings at the same time.
You can use your tentacles to constrict eight enemies at once.
Your skin changes colour to match your surroundings (Stealth+).
Your rubbery body absorbs attacks. (AC +1, EV +1)


Message History

Something hits you.
* * * LOW HITPOINT WARNING * * *
Something hits you but does no damage.
You miss something. Something hits you.
* * * LOW HITPOINT WARNING * * *
The orc shouts!
Something hits you.
* * * LOW HITPOINT WARNING * * *
Okay, then.
There is a stone staircase leading up here.
You aren't carrying any scrolls.
This staircase leads to a travel-excluded area!
Enter next level anyway?
Okay, then.
Something hits you.
* * * LOW HITPOINT WARNING * * *
It was a potion of flight.
You feel very buoyant.
You fly up into the air.
Something hits you.
You die...

.##...#..#.##.#######.#.#.###..##
.........#.##.#..................
###...#..#.#.......# #.#......#.
.........#.##.#.##.# #.#........
..).............# #.#.###....
.##.#.#..#.##.#o# #.#.# #....
...............o# #.#.# #....
.##........##o#{#######.#.###....
...........##...@...........+....
..#.......###.########.##.###....
..........)........###.##.##.....
.###....#.##.....................
#.#(.......##)####.###.##.##.###.
##.#.#####.##))).)...#...........
###..#......#.###########.##.###.
#.#..#.###..#.###### #..##.###.
.⌠.#.#.# ##.#......# #.........


You could see 3 orcs.

Vanquished Creatures
  An orc wizard (D:3)
  A worker ant (D:2)
  Robin (D:3)
  4 adders
  4 worms
  A leopard gecko (D:1)
  2 orcs (D:3)
  2 ball pythons
  8 bats
  4 giant cockroaches
  18 goblins
  7 hobgoblins
  7 jackals
  A quokka (D:3)
  5 frilled lizards
  6 kobolds
  12 rats
84 creatures vanquished.

Notes
Turn   | Place    | Note
-------+----------+-------------------------------------------
     0 | D:1      | Gildeon the Octopode Transmuter began the quest for the Orb.
     0 | D:1      | Reached XP level 1. HP: 13/13 MP: 3/3
   353 | D:1      | Reached XP level 2. HP: 16/18 MP: 3/5
   362 | D:1      | Learned a level 2 spell: Sticks to Snakes
   674 | D:1      | Reached skill level 1 in Stealth
  1080 | D:1      | Reached XP level 3. HP: 18/23 MP: 4/6
  1461 | D:2      | Learned a level 3 spell: Spider Form
  1678 | D:2      | Noticed Sigmund
  2518 | D:2      | Reached XP level 4. HP: 14/29 MP: 5/7
  3538 | D:3      | Reached XP level 5. HP: 23/34 MP: 8/8
  3959 | D:3      | Noticed Robin
  4018 | D:3      | Killed Robin
  4496 | D:3      | Found a sacrificial altar of Ru.
  4829 | D:3      | Slain by an orc wizard

Vault maps used:
D:1:      co_arrival_random_square_maze
D:2:      uniq_sigmund
D:3:      grunt_decor_mini_mirrors, nicolae_ru_great_annihilating_truth,
          uniq_robin

Skill      XL: |  1  2  3  4  5 |
---------------+----------------+-----
Stealth        | 1 2 |  2.8
Fighting       | 2 |  2.3
Dodging        | 3 |  3.0
Unarmed Combat | |  3.7
Spellcasting   | |  2.7
Transmutations | |  2.8

Action                   |  1- 3 |  4- 6 || total
-------------------------+-------+-------++-------
Melee: Unarmed           |    76 |   101 ||   177
       Constrict         |    16 |    24 ||    40
       Kick              |    16 |    11 ||    27
       Tentacles         |    11 |    17 ||    28
       Punch             |     2 |     1 ||     3
 Cast: Beastly Appendage |    19 |    10 ||    29
  Use: Scroll            |     4 |     3 ||     7
       Potion            |     1 |     2 ||     3
 Stab: Sleeping          |     2 |     9 ||    11
       Invisible         |       |     1 ||     1
  Eat: Chunk             |     2 |     7 ||     9
       Ration            |     1 |       ||     1
Armor: Skin              |     8 |    14 ||    22
Dodge: Dodged            |    50 |    64 ||   114

Table legend:
 A = Spawn XP
 B = Non-spawn XP
 C = Spawn XP percentage of total XP
 D = Spawn monster count
 E = Non-spawn monster count
 F = Spawn count percentage of total count
 G = Total turns spent on level
                    A         B        C        D         E        F      G
               +---------+---------+-------+---------+---------+-------+---------
         Total |       0 |     290 |   0.0 |       0 |      84 |   0.0 |  4829
               +---------+---------+-------+---------+---------+-------+---------
           D:1 |       0 |      42 |   0.0 |       0 |      25 |   0.0 |  1456
           D:2 |       0 |      89 |   0.0 |       0 |      19 |   0.0 |  1538
           D:3 |       0 |     159 |   0.0 |       0 |      40 |   0.0 |  1835
               +---------+---------+-------+---------+---------+-------+---------
